 Dungeon Crawl Stone Soup version 0.21.0-3-g78d12a8 (webtiles) character file.

11691 FrothyCoffee the Martial Artist (level 11, -9/90 HPs)
             Began as a Vine Stalker Transmuter on Jan 9, 2018.
             Was a Priest of Makhleb.
             Mangled by a blink frog (11 damage)
             ... on level 2 of the Lair of Beasts.
             The game lasted 02:37:38 (17568 turns).

FrothyCoffee the Martial Artist (VSTm)             Turns: 17568, Time: 02:37:39

Health: -9/90      AC: 25    Str: 13    XL:     11   Next: 81%
Magic:  0/15       EV:  2    Int: 16    God:    Makhleb [***...]
Gold:   639        SH:  0    Dex: 15    Spells: 4/14 levels left

rFire    . . .     SeeInvis .     - Unarmed
rCold    . . .     Gourm    .   (no shield)
rNeg     + + +     Faith    .   (armour currently unavailable)
rPois    +         Spirit   +   (helmet currently unavailable)
rElec    .         Reflect  .   (cloak currently unavailable)
rCorr    .         Harm     .   (gloves currently unavailable)
MR       +....     NoTele   +   (boots currently unavailable)
Stlth    +.........             (no amulet)
HPRegen  0.65/turn              (no ring)
MPRegen  0.14/turn              (no ring)

@: tree-form
A: regeneration 1, magic shield, no potion heal 3, rot immunity
a: Minor Destruction, Lesser Servant of Makhleb, Renounce Religion


You were on level 2 of the Lair of Beasts.
You worshipped Makhleb.
Makhleb was most pleased with you.
You were not hungry.
You were a tree.
You visited 3 branches of the dungeon, and saw 14 of its levels.
You visited the Abyss 1 time.
You also visited: Ossuary.

You collected 945 gold pieces.
You spent 306 gold pieces at shops.

Inventory:

Hand Weapons
 b - a +1 hunting sling
   (You took it off a goblin on level 2 of the Dungeon)
 y - a +0 blowgun
   (You found it on level 6 of the Dungeon)
Missiles
 a - 112 arrows
 n - 2 javelins (quivered)
 r - 267 stones
 x - 8 tomahawks
Armour
 h - a +0 ring mail
   (You found it on level 1 of the Dungeon)
 m - a +0 pair of gloves (melded)
   (You found it on level 4 of the Dungeon)
 z - a +0 cloak (melded)
   (You found it on level 3 of the Dungeon)
 E - a +2 buckler
   (You took it off an orc on level 8 of the Dungeon)
 F - a +2 robe of positive energy (melded)
   (You took it off Psyche on level 10 of the Dungeon)
 G - a +0 helmet (melded)
   (You found it on level 1 of the Lair of Beasts)
Jewellery
 g - a +6 ring of slaying {unknown}
   (You found it on level 1 of the Lair of Beasts)
 w - an uncursed ring of stealth {unknown}
   (You found it on level 2 of the Lair of Beasts)
 B - a +3 ring of intelligence {unknown}
   (You found it on level 1 of the Lair of Beasts)
 K - a +2 ring of slaying {unknown}
   (You found it on level 1 of the Lair of Beasts)
Wands
 c - a wand of disintegration (8)
   (You found it on level 1 of the Lair of Beasts)
 d - a wand of iceblast (7)
   (You found it on level 2 of the Abyss)
 t - a wand of flame (29)
   (You took it off Sigmund on level 5 of the Dungeon)
 v - a wand of digging (14)
   (You took it off an orc wizard on level 7 of the Dungeon)
Scrolls
 f - 8 scrolls of remove curse {@r2}
 s - 2 scrolls of identify {@r1}
 u - 3 scrolls of teleportation {@r4}
 C - a scroll of magic mapping
 D - a scroll of amnesia
 H - a scroll of fog {unknown}
Potions
 i - 2 potions of magic
 j - 3 potions of brilliance
 k - a potion of lignification {!q}
 l - a potion of ambrosia
 p - 2 potions of curing {unknown}
 q - 2 potions of berserk rage {unknown}
 A - a potion of resistance
 I - 5 potions of flight
Books
 o - a book of Misfortune
   (You found it on level 4 of the Dungeon)
 L - a book of Changes
Comestibles
 e - 17 rations


   Skills:
 + Level 8.6 Fighting
 - Level 1.5 Dodging
 + Level 10.4 Unarmed Combat
 - Level 2.1 Spellcasting
 + Level 10.1 Transmutations
 * Level 4.8 Ice Magic
 - Level 4.0 Poison Magic
 + Level 3.6 Invocations


You had 4 spell levels left.
You knew the following spells:

 Your Spells              Type           Power        Failure   Level  Hunger
a - Beastly Appendage     Tmut           ####..       1%          1    #......
b - Spider Form           Tmut/Pois      ###.......   3%          3    ###....
c - Ice Form              Ice/Tmut       ####....     10%         4    #####..
d - Sticks to Snakes      Tmut           ####....     1%          2    ###....


Dungeon Overview and Level Annotations

Branches:
Dungeon (11/15)            Temple (1/1) D:6            Lair (2/6) D:9
  Swamp: Lair:2-4    Shoals: Lair:2-4     Snake: Lair:2-4    Spider: Lair:2-4
    Orc: D:9-12

Altars:
Ashenzari
Cheibriados
Dithmenos
Elyvilon
Fedhas
Gozag
Hepliaklqana
Kikubaaqudgha
Makhleb
Nemelex Xobeh
Okawaru
Qazlal
Ru
Sif Muna
Trog
Uskayaw
Vehumet
Wu Jian
Xom
Yredelemnul
Zin
The Shining One

Shops:
D:7 *   D:9 ((*::

Annotations:
D:2 exclusion: downstairs
D:9 exclusion: downstairs
D:10 exclusions: downstairs and obsidian statue


Innate Abilities, Weirdness & Mutations

((You have razor-sharp teeth.))
Your natural rate of healing is unusually fast.
When hurt, damage is shared between your health and your magic reserves.
((Your bite disrupts and absorbs the magic of your enemies.))
Potions cannot restore your health.
You are immune to rotting.


Message History

Something hits the plant.
The blink frog struggles to blink free from constriction.
Your ball python bites the blink frog.
Your ball python constricts the blink frog.
The blink frog hits your ball python!
Your ball python dies!
The blink frog gives a loud, deep croak!
The blink frog blinks!
The blink frog hits you!
* * * LOW HITPOINT WARNING * * *
The blink frog hits you!!
* * * LOW HITPOINT WARNING * * *
You pummel the blink frog!! You freeze the blink frog.
The blink frog misses you.
You closely miss the blink frog.
The blink frog hits you but does no damage.
You closely miss the blink frog. The blink frog closely misses you.
The blink frog blinks!
Really quaff
k - 2 potions of lignification {!q}?
You warm up again.
Your +0 cloak unmelds from your body.
Your +0 helmet unmelds from your body.
Your +0 pair of gloves unmelds from your body.
Your +2 robe of positive energy unmelds from your body.
You feel more protected from negative energy.
You turn into a tree.
Your +0 cloak melds into your body.
Your +0 helmet melds into your body.
Your +0 pair of gloves melds into your body.
Your +2 robe of positive energy melds into your body.
You feel less protected from negative energy.
Your roots penetrate the ground.
The blink frog hits you but does no damage. x2
The blink frog hits you!
* * * LOW HITPOINT WARNING * * *
The blink frog blinks!
The blink frog hits you but does no damage. x2
You cannot teleport because you are held in place by your roots.
You barely miss the blink frog. The blink frog hits you!
* * * LOW HITPOINT WARNING * * *
The blink frog blinks!
You cannot move.
You cannot move.
You smack the blink frog!
The blink frog hits you!
* * * LOW HITPOINT WARNING * * *
The blink frog blinks! x2
You closely miss the blink frog.
The blink frog hits you but does no damage. x2
You hit the blink frog.
The blink frog blinks!
The blink frog hits you but does no damage.
The blink frog hits you!
You die...

##..##.............
#...#.##.....§....+.##
###...##.#........#..#
#P......##......#..P#
####................###
#P..........F.......#
##.....§............P#
##.....§..F..........#
#......F♣...........#
###......F............#
#.....................##
####.......<.......##..#
#####......^...######
##P##P.##.## ##########


You could see 4 blink frogs.

Vanquished Creatures
  The ghost of vogonpoet the Severer, a journeyman HOBe of Trog (Lair:1)
  Josephine (D:10)
  A two-headed ogre (D:8)
  Psyche (D:10)
  2 spiny frogs (Lair:1)
  A komodo dragon (D:9)
  Grinder (D:3)
  Prince Ribbit (D:8)
  A hippogriff (D:8)
  Sigmund (D:5)
  5 wraiths (D:10)
  A wyvern (D:9)
  Eustachio (D:6)
  4 yaks (D:7)
  3 water moccasins
  A porcupine (D:9)
  Duvessa (D:5)
  3 sky beasts
  4 orc warriors
  2 phantoms
  A black bear (D:9)
  9 wolves
  4 centaurs
  3 ogres
  4 crocodiles
  Blork the orc (D:5)
  A big kobold (D:8)
  7 bullfrogs
  Dowan (D:5)
  4 scorpions
  4 killer bees (D:8)
  A howler monkey (D:4)
  3 bullfrog zombies
  5 hounds
  2 jellies
  A quasit (D:8)
  2 crimson imps
  6 orc priests
  2 bullfrog skeletons
  A gnoll shaman (D:9)
  14 orc wizards
  2 centaur skeletons
  3 iguanas
  7 worker ants
  2 hound skeletons
  A howler monkey zombie (D:6)
  8 mummies (Ossuary)
  12 gnolls
  A worker ant zombie (D:7)
  4 adders
  A river rat (D:4)
  A shadow imp (D:6)
  3 oozes
  3 adder zombies
  2 adder skeletons
  A worm (D:2)
  5 leopard geckos
  36 orcs
  2 ball pythons
  8 giant cockroaches
  8 goblins
  11 hobgoblins
  5 jackals
  A quokka (D:8)
  3 bats
  8 frilled lizards
  2 hobgoblin zombies (Ossuary)
  12 kobolds
  3 kobold zombies (Ossuary)
  A leopard gecko skeleton (D:5)
  An orc zombie (Ossuary)
  10 rats
279 creatures vanquished.

Vanquished Creatures (collateral kills)
  A hippogriff (D:9)
  A hornet (D:7)
  An orc warrior (D:10)
  An ogre (D:7)
  A bullfrog (D:10)
  A killer bee (D:8)
  3 wights (D:10)
  An orc wizard (D:4)
  An iguana (D:5)
  A worker ant (D:4)
  2 adders
  A gnoll (D:4)
  A dart slug (D:3)
  3 leopard geckos
  An orc (D:3)
  A bat (D:3)
  A goblin (D:1)
  2 jackals (D:8)
  A quokka (D:4)
  A frilled lizard (D:3)
  A hobgoblin zombie (Ossuary)
  A kobold zombie (Ossuary)
28 creatures vanquished.

Vanquished Creatures (others)
  5 fungi (D:9)
  11 plants
16 creatures vanquished.

Grand Total: 323 creatures vanquished

Notes
Turn   | Place    | Note
-------+----------+-------------------------------------------
     0 | D:1      | FrothyCoffee the Vine Stalker Transmuter began the quest for the Orb.
     0 | D:1      | Reached XP level 1. HP: 9/9 MP: 4/4
   239 | D:1      | Reached skill level 1 in Fighting
   589 | D:1      | Reached XP level 2. HP: 14/14 MP: 4/6
   754 | D:1      | Learned a level 2 spell: Sticks to Snakes
  1682 | D:1      | Reached XP level 3. HP: 18/18 MP: 7/7
  2072 | D:2      | Found an iron altar of Okawaru.
  2542 | D:2      | Learned a level 3 spell: Spider Form
  3082 | D:2      | Gained mutation: Your natural rate of healing is unusually fast. [Vine Stalker growth]
  3082 | D:2      | Reached XP level 4. HP: 23/23 MP: 6/8
  3377 | D:2      | Found a faded altar of an unknown god.
  3837 | D:3      | Noticed Sigmund
  4050 | D:3      | Found a hide-covered altar of Uskayaw.
  4201 | D:2      | Reached XP level 5. HP: 18/26 MP: 9/9
  4382 | D:3      | Noticed Grinder
  4456 | D:2      | Found a blossoming altar of Fedhas.
  4668 | D:3      | Killed Grinder
  4668 | D:3      | Reached XP level 6. HP: 15/32 MP: 2/10
  4910 | D:4      | Reached skill level 5 in Transmutations
  4983 | D:4      | Reached XP level 7. HP: 36/36 MP: 9/11
  5590 | D:4      | Reached skill level 1 in Poison Magic
  5632 | D:4      | Reached skill level 5 in Unarmed Combat
  6112 | D:4      | Found a deep blue altar of Sif Muna.
  6118 | D:4      | Found an ancient bone altar of Kikubaaqudgha.
  6128 | D:4      | Found an ornate altar of the Wu Jian Council.
  6149 | D:5      | Entered Level 5 of the Dungeon
  6503 | D:5      | Killed Sigmund
  6503 | D:5      | Gained mutation: You have razor-sharp teeth. [Vine Stalker growth]
  6503 | D:5      | Reached XP level 8. HP: 24/42 MP: 1/12
  7161 | D:5      | Noticed Dowan
  7176 | D:5      | Noticed Duvessa
  7349 | D:5      | Killed Duvessa
  7355 | D:5      | Killed Dowan
  7480 | D:5      | Noticed Blork the orc
  7487 | D:5      | Killed Blork the orc
  7624 | D:6      | Noticed Eustachio
  7640 | D:6      | Killed Eustachio
  7717 | D:6      | Reached XP level 9. HP: 46/46 MP: 13/13
  7781 | D:6      | Reached skill level 5 in Fighting
  7864 | D:6      | Found a staircase to the Ecumenical Temple.
  7876 | Temple   | Entered the Ecumenical Temple
  8157 | Temple   | Became a worshipper of Makhleb the Destroyer
  8745 | D:7      | Noticed a hornet
  8750 | D:7      | Paralysed by a hornet for 2 turns
  8754 | D:7      | Killed a hornet
  8901 | D:7      | Found a sand-covered staircase.
  8906 | Ossuary  | Entered an ossuary
  8933 | Ossuary  | Reached * piety under Makhleb
  9173 | D:7      | Found Hest's Assorted Antiques.
  9668 | D:7      | Found Hest's Assorted Antiques.
  9706 | D:7      | Bought a scroll labeled QONAR KUYKH for 27 gold pieces
  9706 | D:7      | Bought a scroll of identify for 54 gold pieces
  9721 | D:8      | Reached XP level 10. HP: 43/53 MP: 7/14
  9958 | D:8      | Reached ** piety under Makhleb
  9964 | D:8      | Found a shattered altar of Ashenzari.
  9964 | D:8      | Found a shimmering altar of Xom.
 10665 | D:8      | Noticed Prince Ribbit
 10685 | D:8      | Killed Prince Ribbit
 10905 | D:8      | Noticed a two-headed ogre
 10930 | D:8      | Killed a two-headed ogre
 11294 | D:9      | Found Lausiunn's Book Shop.
 11421 | D:9      | Found Qatip's Assorted Antiques.
 11424 | D:9      | Bought a purple potion for 21 gold pieces
 11424 | D:9      | Bought a scroll of identify for 48 gold pieces
 11425 | D:9      | Bought a scroll labeled HOSYNOSIOPU for 24 gold pieces
 11425 | D:9      | Bought a scroll labeled IJEYSEE SICE for 24 gold pieces
 11429 | D:9      | Found an opulent altar of Gozag.
 11574 | D:9      | Found Uqouvo's Book Emporium.
 11905 | D:9      | Found Luecan's Antique Weapon Shop.
 12513 | D:9      | Found a staircase to the Lair.
 12596 | D:9      | Found Vikloc's Weapon Shoppe.
 12865 | D:10     | Entered Level 10 of the Dungeon
 12941 | D:10     | Noticed Psyche
 12946 | D:10     | Noticed an obsidian statue
 12947 | D:10     | Noticed a soul eater
 13072 | Lair:1   | Entered Level 1 of the Lair of Beasts
 13300 | Lair:1   | Learned a level 4 spell: Ice Form
 13303 | Lair:1   | Noticed a spiny frog
 13399 | D:10     | Noticed Josephine
 13518 | D:10     | Killed Josephine
 13518 | D:10     | Reached skill level 10 in Unarmed Combat
 13518 | D:10     | Reached XP level 11. HP: 26/60 MP: 1/15
 13665 | D:10     | Reached *** piety under Makhleb
 13863 | D:10     | Got a slimy robe
 14059 | D:10     | Reached skill level 1 in Invocations
 14191 | D:10     | Cast into level 2 of the Abyss (Psyche)
 14203 | Abyss:2  | Noticed a large abomination
 14211 | D:10     | Escaped the Abyss
 14225 | D:10     | Killed Psyche
 14381 | D:10     | Identified the cursed +1 robe of the Great Game {-Tele Regen+ Int+2} (You took it off a wight on level 10 of the Dungeon)
 15778 | Lair:1   | Noticed vogonpoet's ghost (journeyman HOBe)
 16315 | D:7      | Bought a potion of agility for 108 gold pieces
 16474 | Lair:1   | Killed vogonpoet's ghost
 16474 | Lair:1   | Reached skill level 10 in Transmutations
 17566 | Lair:2   | HP: 1/90 [blink frog (8)]
 17568 | Lair:2   | Mangled by a blink frog

Skill      XL: |  1  2  3  4  5  6  7  8  9 10 11 |
---------------+----------------------------------+-----
Fighting       | 1 2 3 4 6 8 |  8.6
Transmutations | 3 4 5 6 8 9 10 | 10.1
Unarmed Combat | 4 5 7 8 10 | 10.4
Poison Magic   | 2 4 |  4.0
Ice Magic      | 2 4 |  4.8
Invocations    | 3 |  3.6
Dodging        | |  1.5
Spellcasting   | |  2.1

Action                   |  1- 3 |  4- 6 |  7- 9 | 10-12 || total
-------------------------+-------+-------+-------+-------++-------
Melee: Unarmed           |   115 |   118 |   369 |   450 ||  1052
       Bite              |    23 |    28 |   113 |    49 ||   213
       Headbutt          |     5 |     6 |    36 |    10 ||    57
       Kick              |    11 |    12 |    59 |    25 ||   107
       Punch             |     3 |     3 |     9 |     7 ||    22
 Cast: Beastly Appendage |    39 |    24 |    54 |    31 ||   148
       Sticks to Snakes  |     5 |    17 |    54 |    30 ||   106
       Spider Form       |       |       |     2 |    30 ||    32
       Ice Form          |       |       |       |    15 ||    15
Invok: Lesser Servant of |       |       |       |     4 ||     4
 Abil: End Transformatio |       |       |       |     4 ||     4
Evoke: Wand              |       |       |       |     8 ||     8
  Use: Scroll            |       |     7 |    11 |     7 ||    25
       Potion            |       |     1 |     2 |     8 ||    11
 Stab: Sleeping          |     2 |       |       |     1 ||     3
       Distracted        |       |       |     5 |     2 ||     7
       Invisible         |       |       |       |     1 ||     1
  Eat: Chunk             |     5 |     4 |    10 |    14 ||    33
       Ration            |     1 |     1 |     3 |     6 ||    11
Armor: Robe              |    16 |     1 |       |       ||    17
       Ring mail         |       |    48 |    89 |    82 ||   219
       Skin              |       |       |    17 |    38 ||    55
Dodge: Dodged            |    47 |    68 |   151 |   354 ||   620
